 Dungeon Crawl Stone Soup version 0.22-a0-77-g0fd0111 (webtiles) character file.

5 oplop the Sneak (level 1, 0/9 HPs)
             Began as a Spriggan Enchanter on Jan 14, 2018.
             Slain by a bat (1 damage)
             ... on level 1 of the Dungeon.
             The game lasted 00:01:23 (264 turns).

oplop the Sneak (Spriggan Enchanter)                 Turns: 264, Time: 00:01:24

Health: 0/9        AC:  4    Str:  4    XL:     1   Next: 66%
Magic:  0/5        EV: 18    Int: 16    God:
Gold:   31         SH:  0    Dex: 16    Spells: 4/5 levels left

rFire    . . .     SeeInvis +   a - +1 dagger
rCold    . . .     Gourm    .   (shield restricted)
rNeg     . . .     Faith    .   b - +0 robe
rPois    .         Spirit   .   f - +2 hat
rElec    .         Reflect  .   (no cloak)
rCorr    .         Harm     .   (gloves unavailable)
MR       .....                  (boots unavailable)
Stlth    +++.......             (no amulet)
HPRegen  0.03/turn              (no ring)
MPRegen  0.09/turn              (no ring)

@: very slightly contaminated, very quick
A: very small, unfitting armour, see invisible, herbivore, speed 3, slow
metabolism 2
a: no special abilities


You were on level 1 of the Dungeon.
You were not hungry.

You visited 1 branch of the dungeon, and saw 1 of its levels.

You collected 31 gold pieces.

Inventory:

Hand Weapons
 a - a +1 dagger (weapon)
Armour
 b - a +0 robe (worn)
 f - a +2 hat (worn)
Scrolls
 e - 2 scrolls of identify {unknown}
Books
 c - a book of Maledictions

   Spells                             Type                      Level
   a - Corona                         Hexes                        1
   b - Ensorcelled Hibernation        Hexes/Ice                    2
   c - Confuse                        Hexes                        3
   d - Tukima's Dance                 Hexes                        3
   e - Dazzling Spray                 Conjuration/Hexes            3
Comestibles
 d - 3 rations


   Skills:
 + Level 1.2 Short Blades
 - Level 3.0 Dodging
 + Level 4.5 Stealth
 * Level 2.9 Spellcasting
 * Level 3.8 Hexes


You had 4 spell levels left.
You knew the following spells:

 Your Spells              Type           Power        Failure   Level  Hunger
a - Corona                Hex            ##.....      3%          1    #......


Dungeon Overview and Level Annotations

Branches:
Dungeon (1/15)

Altars:


Innate Abilities, Weirdness & Mutations

You are very small and have problems with some larger weapons.
You are too small for most types of armour.
You have supernaturally acute eyesight. (SInv)
You are a herbivore.
You cover ground extremely quickly.
You need consume almost no food.


Message History

a club; a goblin corpse The bat hits you but does no damage.
The bat completely misses you. The bat hits you but does no damage.
The bat hits you.
* * * LOW HITPOINT WARNING * * *
Casting: Corona
Confirm with . or Enter, or press ? or * to list all spells.
Aiming: Corona
Press: ? - help, Shift-Dir - straight line, f/p - bat
Aim: a bat (chance to defeat MR: 68%)
The bat is outlined in light.
The bat hits you but does no damage. The bat closely misses you.
You closely miss the bat. The bat hits you but does no damage.
The bat misses you.
You closely miss the bat. The bat completely misses you.
You hit the bat.
The bat is severely wounded.
The bat closely misses you. The bat hits you.
You die...

#####....# #...#
#...# #....# #.>.#
#...#
#....###...###...#
#.................
#.................
#.................
#....###...###...#
#....# #.>.# #...#
..#@...# #...#
#...# ..#b####
##### ##### #.#.#
#####%#.# ...#.#.#
#####.#.#.#
........#)##
..##.......#
$..[.......#


You could see a bat.

Vanquished Creatures
  A goblin (D:1)
  2 hobgoblins (D:1)
  A frilled lizard (D:1)
  A rat (D:1)
5 creatures vanquished.

Notes
Turn   | Place    | Note
-------+----------+-------------------------------------------
     0 | D:1      | oplop the Spriggan Enchanter began the quest for the Orb.
     0 | D:1      | Reached XP level 1. HP: 9/9 MP: 5/5
   264 | D:1      | Slain by a bat

Vault maps used:
D:1:      minmay_arrival_hallway, minmay_tromino_mix6

Action                   || total
-------------------------++-------
Melee: Dagger            ||    37
 Cast: Corona            ||     8
Armor: Robe              ||     9
Dodge: Dodged            ||    52

Table legend:
 A = Spawn XP
 B = Non-spawn XP
 C = Spawn XP percentage of total XP
 D = Spawn monster count
 E = Non-spawn monster count
 F = Spawn count percentage of total count
 G = Total turns spent on level
                    A         B        C        D         E        F      G
               +---------+---------+-------+---------+---------+-------+---------
         Total |       0 |       8 |   0.0 |       0 |       5 |   0.0 |   264
               +---------+---------+-------+---------+---------+-------+---------
           D:1 |       0 |       8 |   0.0 |       0 |       5 |   0.0 |   264
               +---------+---------+-------+---------+---------+-------+---------
